Map: Lerilak Crest

Players

Lambizzle

  • Race: Terran Terran
  • League: Bronze

Miltreta - Winner!

  • Race: Terran Terran
  • League: Bronze

VOD

Have the link to the VOD?

Description

Time

  • Played on: March 17, 2016, 10:36 p.m.
  • Length: 29:02
Show
View Real Time Build Order
Export as new Build Order

Lambizzle Terran 

Build Orders:  

Get SALT Encoding   

  12  0:06  SCV  
  13  0:18  SCV  
  14  0:27  Supply Depot  
  14  0:32  SCV  
  16  0:50  SCV  
  16  0:52  Barracks  
  16  1:02  SCV  
  17  1:22  SCV  
  18  1:36  Barracks  
  18  1:38  SCV  
  19  1:41  Marine  
  19  1:44  Supply Depot  
  20  1:51  SCV  
  20  1:53  Refinery  
  21  2:01  Marine  
  22  2:18  Marine  
  22  2:22  Engineering Bay  
  23  2:26  SCV, Refinery  
  24  2:32  Marine  
  24  2:36  Marine  
  26  2:38  SCV  
  27  2:47  Command Center  
  27  2:49  Marine  
  28  2:52  Orbital Command  
  28  2:54  Marine  
  29  3:07  Marine  
  29  3:10  Factory  
  30  3:19  Marine  
  31  3:29  Missile Turret  
  31  3:37  Missile Turret  
  31  3:39  Terran Infantry Weapons Level 1  
  31  3:40  Missile Turret  
  31  3:51  Supply Depot  
  31  3:58  Widow Mine, Marine  
  33  4:19  Barracks Tech Lab, Barracks  
  33  4:21  Marine  
  34  4:39  Marauder  
  34  4:40  Marine  
  34  4:43  SCV  
  38  5:08  SCV, Marine x2  
  41  5:16  Marine  
  41  5:17  Factory Tech Lab  
  41  5:20  SCV  
  43  5:26  Armory, Marine  
  43  5:27  Marauder  
  46  5:30  Starport  
  46  5:35  Missile Turret  
  47  5:42  SCV  
  47  5:57  Siege Tank  
  47  5:59  Missile Turret  
  47  6:01  Marauder, Marine  
  47  6:02  Marine  
  54  6:21  Supply Depot  
  54  6:38  Refinery  
  54  6:41  Refinery  
  54  6:43  Medivac, Supply Depot  
  56  7:00  SCV  
  57  7:01  Missile Turret  
  57  7:05  Missile Turret  
  57  7:16  Supply Depot  
  57  7:19  Starport Tech Lab  
  57  7:25  Marauder, Marine  
  57  7:26  Missile Turret  
  57  7:27  Marine, Starport  
  61  7:30  Widow Mine  
  63  7:39  Supply Depot  
  63  7:48  Bunker  
  63  8:01  Missile Turret  
  63  8:11  Marauder, Marine  
  66  8:13  Marine  
  67  8:22  Supply Depot  
  67  8:23  Missile Turret  
  67  8:35  Orbital Command  
  67  8:42  Starport Tech Lab  
  67  8:43  Banshee  
  67  8:44  Cloaking Field  
  67  8:45  Supply Depot  
  67  8:47  Marauder, Marine  
  67  8:48  Marine  
  74  8:53  Command Center  
  74  8:54  SCV  
  75  9:01  SCV  
  76  9:09  Bunker  
  76  9:20  Banshee  
  76  9:22  Explosive Shrapnel Shells  
  79  9:27  Missile Turret  
  79  9:36  Armory  
  79  9:37  SCV  
  80  9:49  Missile Turret  
  80  9:55  Sensor Tower  
  80  10:11  Missile Turret  
  80  10:20  Banshee  
  83  10:21  Viking  
  85  10:32  Terran Vehicle Weapons Level 1  
  85  10:33  Terran Infantry Weapons Level 2, Starport  
  85  10:35  Missile Turret  
  85  10:37  Marine  
  85  10:38  Marine  
  85  10:40  Marine  
  85  10:42  Combat Shields  
  88  10:54  Marine  
  88  10:56  Marine  
  90  10:57  Marine  
  90  10:58  Missile Turret  
  90  10:59  Orbital Command  
  90  11:02  Refinery  
  92  11:04  SCV  
  92  11:16  SCV  
  93  11:28  SCV  
  93  11:29  Marine x3  
  97  11:42  Siege Tank  
  97  11:46  Banshee, Raven  
  105  11:48  Starport Tech Lab  
  105  11:59  Armory  
  105  12:07  Starport  
  105  12:33  Sensor Tower  
  105  12:40  Banshee  
  108  12:46  Supply Depot  
  108  12:47  Starport Tech Lab  
  108  12:50  Banshee, Raven  
  113  13:01  Supply Depot  
  113  13:21  SCV  
  113  13:33  SCV  
  114  13:37  Banshee  
  114  13:38  Banshee, Raven x2  
  124  13:45  Supply Depot  
  124  13:48  Refinery  
  124  13:52  Command Center  
  124  14:13  Command Center  
  124  14:21  Terran Vehicle Weapons Level 2  
  124  14:23  Starport  
  124  14:27  SCV  
  124  14:29  SCV  
  126  14:41  SCV  
  126  14:42  Supply Depot  
  127  14:53  SCV  
  128  15:01  Banshee  
  128  15:04  Banshee  
  128  15:05  SCV, Raven  
  128  15:06  Viking  
  132  15:46  Banshee x2  
  132  15:47  Viking  
  132  15:49  Viking  
  86  16:42  Banshee x2, Raven  
  86  16:43  Raven  
  81  17:15  Marine x3  
  83  17:20  Starport Tech Lab  
  84  17:25  Banshee x3  
  84  17:29  Supply Depot  
  93  17:33  Marine x2  
  93  17:35  Missile Turret  
  95  17:39  Supply Depot  
  95  17:41  Missile Turret  
  95  17:42  Terran Vehicle And Ship Armor Level 1, Terran Vehicle Weapons Level 3  
  95  17:44  Hi-Sec Auto Tracking  
  95  17:54  Banshee, Raven  
  100  18:02  Missile Turret  
  100  18:07  Fusion Core  
  100  18:12  Orbital Command  
  100  18:16  Supply Depot  
  100  18:27  Missile Turret  
  100  18:28  Refinery  
  100  18:29  Refinery  
  100  18:55  Battlecruiser, Raven  
  106  18:59  Raven  
  110  19:17  Command Center  
  110  19:20  Marine  
  110  19:21  Weapon Refit  
  111  19:25  Banshee  
  114  20:10  Banshee, Battlecruiser  
  114  20:11  Banshee  
  126  20:14  Banshee  
  126  20:15  Marine x2  
  126  20:16  Marine  
  132  20:35  Refinery  
  132  20:39  Refinery  
  132  20:47  Marine x3  
  132  20:48  Banshee  
  138  20:54  Battlecruiser  
  144  21:05  Marine x3  
  147  21:20  Missile Turret  
  147  21:27  SCV  
  147  21:32  Raven  
  148  21:33  Raven  
  148  21:34  Banshee x2  
  143  21:58  Battlecruiser  
  83  22:38  Banshee x2, Battlecruiser x2  
  83  22:40  Marine  
  83  22:41  Marine x2  
  69  23:33  Marine x3  
  72  23:51  Marine  
  72  23:52  Banshee x2, Battlecruiser x2  
  72  23:55  Marine x2  
  93  24:09  Marine  
  94  24:10  SCV  
  95  24:30  Marine x3  
  92  24:32  Banshee  
  92  24:35  Banshee x2  
  101  24:48  Marine x3  
  101  24:49  SCV  
  105  24:54  Command Center  
  105  25:05  Marine  
  106  25:30  Supply Depot  
  106  25:35  Marine x3  
  109  25:36  Banshee  
  109  25:37  Banshee  
  109  25:38  Banshee  
  109  25:40  Banshee  
  121  25:43  Raven  
  120  25:54  Supply Depot  
  120  26:11  Missile Turret  
  120  26:16  Missile Turret  
  60  27:21  Marine  
  60  27:22  Marine x2  
  45  27:25  Battlecruiser  
  45  27:33  SCV  
  46  27:39  Marine x2  
  46  27:40  Marine  
  46  27:43  Refinery  
  49  27:53  Bunker  
  49  27:57  Marine  
  50  27:59  SCV  
  50  28:01  Refinery  
Show
View Real Time Build Order
Export as new Build Order

Miltreta Terran - Winner!

Build Orders:  

Get SALT Encoding   

  12  0:01  SCV  
  13  0:16  Supply Depot  
  13  0:18  SCV  
  14  0:29  Refinery  
  14  0:42  Barracks  
  14  0:43  SCV  
  15  0:57  SCV  
  16  1:09  SCV  
  17  1:26  Supply Depot  
  17  1:35  Marine  
  18  1:45  Factory, Refinery  
  18  1:46  SCV  
  19  1:53  Marine  
  20  2:04  SCV  
  21  2:13  Marine  
  22  2:23  Engineering Bay  
  22  2:25  SCV  
  23  2:34  Hellion  
  25  2:41  Orbital Command  
  25  2:42  Barracks Tech Lab  
  25  2:55  Hellion  
  25  2:57  Terran Infantry Weapons Level 1  
  27  3:07  Marine  
  27  3:08  Stimpack  
  28  3:33  SCV  
  29  3:35  Starport  
  29  3:43  Marine  
  29  3:46  Factory Tech Lab  
  30  3:53  Barracks  
  30  4:01  SCV  
  31  4:23  Supply Depot  
  31  4:25  Supply Depot  
  31  4:29  Starport Reactor  
  31  4:43  Barracks  
  31  4:44  Siege Tank  
  31  4:45  Marauder, SCV  
  37  4:52  Barracks Reactor  
  33  5:07  Marine  
  33  5:12  Terran Infantry Armor Level 1  
  34  5:44  Medivac  
  34  5:45  Medivac  
  34  5:48  Barracks Tech Lab  
  38  5:51  Marine x2  
  38  5:53  Marauder  
  38  5:55  Command Center, Siege Tank  
  45  6:15  Supply Depot  
  45  6:43  Liberator  
  45  6:44  Liberator  
  45  6:56  Marine x2  
  45  6:58  Marauder x2  
  57  7:09  SCV x2  
  59  7:22  Marine x2  
  61  7:24  Command Center  
  61  7:25  Siege Tank  
  64  7:43  Engineering Bay  
  64  7:44  Orbital Command  
  64  7:59  SCV  
  66  8:07  Marauder  
  66  8:09  Marine x2  
  66  8:11  SCV  
  66  8:12  Marauder  
  72  8:21  Refinery  
  72  8:29  Marauder  
  74  8:52  SCV x2  
  74  8:53  Liberator  
  76  9:01  Orbital Command  
  76  9:05  Marine  
  76  9:06  Marine x2  
  76  9:08  Marauder, Siege Tank  
  84  9:15  Supply Depot  
  87  9:22  Barracks  
  87  9:47  Armory  
  87  9:51  SCV x2  
  90  9:52  SCV  
  90  10:03  Medivac x2, Marine x2  
  90  10:04  Marauder  
  90  10:05  Marauder  
  100  10:14  Supply Depot  
  100  10:16  Supply Depot  
  100  10:21  Liberator x2  
  103  10:35  Siege Tank  
  103  10:40  Marine x2  
  103  10:41  Marauder x2  
  115  10:50  Terran Infantry Weapons Level 2  
  115  10:51  Terran Infantry Armor Level 2  
  115  11:04  Factory, Refinery  
  115  11:06  SCV  
  115  11:07  SCV  
  115  11:08  Refinery  
  117  11:15  SCV  
  118  11:39  Starport  
  118  11:46  SCV x2  
  120  11:50  Missile Turret  
  120  11:52  Supply Depot  
  120  11:59  Refinery  
  120  12:00  Factory Tech Lab  
  120  12:11  Terran Vehicle And Ship Armor Level 1, Starport  
  120  12:18  Marine x2  
  120  12:19  Marauder  
  120  12:20  Marauder, Siege Tank x2  
  132  12:24  Starport Tech Lab  
  132  12:38  Supply Depot  
  132  12:39  Supply Depot  
  132  12:47  Supply Depot x2  
  132  12:52  SCV  
  133  13:00  Viking x2, SCV x2  
  139  13:06  Hi-Sec Auto Tracking  
  139  13:21  Marine x2  
  139  13:23  Marauder x2  
  139  13:24  Siege Tank x2  
  151  13:28  Raven  
  79  16:19  Marine  
  79  16:20  Marine x3  
  79  16:25  Viking x2  
  83  16:29  Viking  
  83  16:32  Thor  
  82  16:33  Thor  
  82  16:37  Marine x2  
  76  17:18  Marine x2  
  76  17:19  Marine x2  
  76  17:21  Siege Tank  
  76  17:22  Thor  
  89  17:24  Raven  
  89  17:26  Viking  
  89  17:27  Viking  
  95  17:36  Marine  
  98  17:37  Marauder  
  98  17:39  Starport  
  98  17:44  Starport  
  98  17:53  Marine  
  98  17:54  Marine x2  
  101  17:59  Viking x2  
  101  18:00  Thor  
  111  18:11  Terran Infantry Armor Level 3  
  111  18:12  Terran Infantry Weapons Level 3, Command Center  
  111  18:13  Terran Vehicle And Ship Armor Level 2  
  111  18:15  Marine  
  111  18:16  Marine  
  111  18:17  Barracks Reactor  
  113  18:20  Starport Reactor  
  113  18:21  Liberator  
  113  18:23  Starport Reactor x2  
  113  18:33  Viking x2  
  117  18:39  Factory  
  120  18:42  Marine x2  
  120  18:43  Marauder  
  120  18:44  Marauder, Siege Tank  
  120  18:45  Liberator, Siege Tank  
  135  19:12  Refinery  
  135  19:15  Refinery  
  135  19:22  Missile Turret x2  
  135  19:28  Missile Turret  
  135  19:30  Missile Turret  
  135  19:38  Barracks x2  
  135  20:02  Barracks x2  
  135  20:04  Factory Tech Lab  
  135  20:06  Marine x2  
  135  20:07  Marine x3  
  137  20:08  Marine  
  137  20:10  Siege Tank x2  
  147  20:33  Barracks Reactor x2  
  147  20:37  Marine x3  
  147  20:38  Marine x2  
  152  21:12  Raven  
  152  21:13  Viking  
  152  21:14  Viking x5  
  152  21:15  Viking x2  
  170  21:26  Marine x4  
  170  21:27  Marine x2  
  176  21:55  Viking, Raven  
  176  21:56  Viking x3  
  180  22:26  SCV  
  95  22:58  Marine x3  
  95  22:59  Marine x6  
  99  23:14  Viking x3  
  99  23:15  Viking x2  
  109  23:29  Viking x2  
  109  23:30  Viking x2  
  117  23:35  Marine x4  
  117  23:36  Marine x2  
  117  23:37  Marine x4  
  117  23:39  Marine x2  
  129  23:44  Viking  
  129  23:48  Fusion Core  
  131  24:08  Command Center  
  131  24:27  Refinery  
  131  24:30  Refinery  
  128  25:46  Battlecruiser x3  
  128  25:47  Battlecruiser  
  152  26:50  Battlecruiser x2  
  152  26:51  Battlecruiser  
  170  26:54  Barracks Reactor  
  128  27:26  Battlecruiser  
  128  27:28  Marine x4  
  128  27:29  Barracks Reactor x3  
  138  27:44  Orbital Command  
  138  27:54  Battlecruiser  
  138  27:55  Battlecruiser  
  112  28:38  Marine x3  
  112  28:39  Marine x2  
Tags
 
Add a new tag
Caveats
  • Supply blocks, unpowered buildings, or Contaminate may cause inaccurate times.
  • Supply counts are checked every 10 seconds.